cohdb
Replays
Latest Replays
All Replays
Popular Replays
Top Player Replays
Match Explorer
How It Works
Community
CoH3 Stats
Reddit
Sign in to upload your games and track your stats! →
Sign in with Steam
Match 24941090
Unlisted
Match 24941090
Overview
Messages
Build Orders
End
Panzergrenadier Squad
250 Light Carrier
Construct Light Support Kompanie
Combat Half-tracks
Assault Grenadier Squad
250 Light Carrier
Fire Support Elements
Assault Mechanized Group
Construct Mechanized Kompanie
Marder III Tank Destroyer
Support Armor Elements
254 Reconnaissance Tractor
254 Reconnaissance Tractor
Veteran Squad Leaders
Selects Italian Infantry
Selects Guastatori Squad
Selects Registered Artillery
Panzergrenadier Squad
Panzergrenadier Squad
United
Dromaeda
^3
DIV 250 BigBoss
0
0
Comments
sign in to comment!
No comments posted yet!